 Dungeon Crawl Stone Soup version 0.25-a0-277-g7046ed1b37 (webtiles) character file.

Game seed: 16171535149043957025, levelgen mode: deterministic

242 MoonlitKnight the Sneak (level 5, 0/28 HPs)
             Began as a Deep Elf Enchanter on Dec 9, 2019.
             Succumbed to an orc wizard's poison
             ... on level 4 of the Dungeon.
             The game lasted 00:15:24 (5568 turns).

MoonlitKnight the Sneak (Deep Elf Enchanter)        Turns: 5568, Time: 00:15:25

Health: 0/28       AC:  2    Str:  7    XL:     5   Next: 82%
Magic:  7/11       EV: 13    Int: 21    God:
Gold:   122        SH:  0    Dex: 15    Spells: 4/10 levels left

rFire    . . .     SeeInvis .   c - +2 dagger (holy)
rCold    . . .     Gourm    .   t - +0 buckler
rNeg     . . .     Faith    .   b - +0 robe
rPois    +         Spirit   .   (no helmet)
rElec    .         Reflect  .   (no cloak)
rCorr    .         Harm     +   (no gloves)
MR       .....                  (no boots)
Stlth    +.........             e - amulet of harm
HPRegen  0.09/turn              g - ring of poison resistance
MPRegen  0.12/turn              k - +2 ring of strength

@: confused, lethally poisoned (0 -> -7)
A: no striking features
a: no special abilities


You were on level 4 of the Dungeon.
You were near starving.

You visited 1 branch of the dungeon, and saw 4 of its levels.

You collected 122 gold pieces.

Inventory:

Hand Weapons
 a - a +1 dagger
 c - a +2 dagger of holy wrath (weapon)
Missiles
 d - 4 poisoned darts (quivered)
Armour
 b - a +0 robe (worn)
 t - a +0 buckler (worn)
Jewellery
 e - an amulet of harm (around neck)
 g - a ring of poison resistance (left hand)
 k - a +2 ring of strength (right hand)
 v - the amulet "Netigoim" {RegenMP +Inv Str-2 Dex+5, unknown}
   (You found it on level 4 of the Dungeon)

   [amulet of magic regeneration]

   It increases your magic regeneration.
   It affects your strength (-2).
   It affects your dexterity (+5).
   It lets you turn invisible.
Wands
 n - a wand of polymorph (4)
Scrolls
 h - a scroll of identify {unknown}
 l - a scroll of enchant weapon {unknown}
 o - a scroll of blinking {unknown}
 q - a scroll of teleportation
 r - a scroll of remove curse {unknown}
 s - a scroll of enchant armour {unknown}
Potions
 f - a potion of haste {unknown}
 i - a potion of resistance {unknown}
 j - a potion of curing
 m - a potion of ambrosia {unknown}
 p - a potion of heal wounds {unknown}
 w - a potion of cancellation {unknown}
Comestibles
 u - a ration


   Skills:
 * Level 2.8 Short Blades
 + Level 3.3 Dodging
 - Level 5.9 Stealth
 + Level 0.9 Shields
 - Level 3.0 Spellcasting
 - Level 4.8 Hexes
 - Level 1.6 Ice Magic


You had 4 spell levels left.
You knew the following spells:

 Your Spells              Type           Power        Failure   Level  Hunger
a - Corona                Hex            ###....      2%          1    None
b - Ensorcelled Hibernat  Hex/Ice        ###...       8%          2    ##.....
c - Confuse               Hex            ###.....     9%          3    ###....

Your spell library contained the following spells:

 Spells                   Type           Power        Failure   Level  Hunger
 Tukima's Dance           Hex            ###.....     9%          3    ###....
 Dazzling Flash           Conj/Hex       ##....       22%         3    ###....


Dungeon Overview and Level Annotations

Branches:
Dungeon (4/15)
 Temple: D:4-7

Altars:
Qazlal
Sif Muna
Wu Jian


Message History

The magic dart hits you.
* * * LOW HITPOINT WARNING * * *
Casting: Corona (safe; 2% risk of failure)
Confirm with . or Enter, or press ? or * to list all spells.
You can't see any susceptible monsters within range! (Use Z to cast anyway.)
Casting: Corona (safe; 2% risk of failure)
Confirm with . or Enter, or press ? or * to list all spells.
Aiming: Corona (safe; 2% risk of failure)
Press: ? - help, Shift-Dir - straight line Nothing appears to happen.
Something hits you.
* * * LOW HITPOINT WARNING * * *
You are lethally poisoned!
You hit something but do no damage.
* * * LOW HITPOINT WARNING * * *
You feel sick.
You barely miss something.
You hear some strange, mumbled words.
You are confused.
You bump into the rock wall.
You die... .. =o>

.... (...o#########
....o.o.?....# #####
.....###.###.## #>..#####
## ..$. #.##.#.##
#.......##### #. ###
....###.###...........###.
##..# ##{@....###.##.#.##.
..... ######## #.#.###...
....... ##≈≈≈≈≈## #..##
##.. ......< #≈≈≈≈≈≈≈#
###.###... ...
#≈≈...≈≈######.#.##.
#≈≈._.≈≈##..........
#≈≈...≈≈##......###.
#≈≈≈.≈≈≈##..##......
##≈≈.≈≈##...........


There were no monsters in sight!

Vanquished Creatures
  A bullfrog skeleton (D:4)
  A centaur skeleton (D:4)
  An iguana (D:4)
  Terence (D:2)
  5 adders
  3 worms
  2 dart slugs
  5 leopard geckos
  6 orcs (D:3)
  2 ball pythons
  2 giant cockroaches
  8 goblins
  12 hobgoblins
  5 jackals (D:2)
  2 quokkas
  4 bats
  2 frilled lizards
  3 kobolds (D:2)
  A rat (D:3)
66 creatures vanquished.

Notes
Turn   | Place    | Note
-------+----------+-------------------------------------------
     0 | D:1      | MoonlitKnight the Deep Elf Enchanter began the quest for
                  | the Orb.
     0 | D:1      | Reached XP level 1. HP: 10/10 MP: 6/6
   545 | D:1      | Reached XP level 2. HP: 6/15 MP: 6/8
   556 | D:1      | Learned a level 2 spell: Ensorcelled Hibernation
  1089 | D:1      | Reached skill level 1 in Ice Magic
  1636 | D:2      | Noticed Terence
  1793 | D:2      | Reached skill level 4 in Stealth
  1793 | D:2      | Reached XP level 3. HP: 19/19 MP: 6/9
  1824 | D:2      | Killed Terence
  1829 | D:2      | Reached skill level 5 in Stealth
  2249 | D:2      | Reached XP level 4. HP: 24/24 MP: 10/10
  2534 | D:2      | Found a stormy altar of Qazlal.
  3186 | D:2      | Learned a level 3 spell: Confuse
  4281 | D:3      | Found an ornate altar of the Wu Jian Council.
  4690 | D:3      | Reached XP level 5. HP: 28/28 MP: 11/11
  4997 | D:4      | Got a transparent lead amulet
  5362 | D:4      | Found a shimmering blue altar of Sif Muna.
  5566 | D:4      | HP: 1/28 [poisoned by an orc wizard]
  5568 | D:4      | Succumbed to an orc wizard's poison

Levels and vault maps discovered:
D:1:      nzn_arrival_crosshair, layout_basic, serial_corexii_hall,
          corexii_hall_statues_t, corexii_hall_statues_i,
          chequers_hall_statues_wall_a
D:2:      layout_loops_corners, grunt_qazlal_sundering, uniq_terence
D:3:      layout_loops_ring, lemuel_doored_altar, first_ration,
          corexii_item_surrounded_by_moat
D:4:      layout_loops_ring, dk_noncrumbling_3, kennysheep_pointless_box,
          hex_large, led_sif_pool

Skill      XL: |  1  2  3  4  5 |
---------------+----------------+-----
Ice Magic      | 1 |  1.6
Stealth        | 4 5 |  5.9
Short Blades   | 2 |  2.8
Dodging        | 3 |  3.3
Shields        | |  0.9
Spellcasting   | |  3.0
Hexes          | |  4.8

Action                   |  1- 3 |  4- 6 || total
-------------------------+-------+-------++-------
Melee: Dagger            |    52 |   158 ||   210
Throw: Dart              |       |     3 ||     3
 Cast: Corona            |     5 |     3 ||     8
       Ensorcelled Hiber |    16 |    25 ||    41
       Confuse           |       |     7 ||     7
  Use: Potion            |       |     2 ||     2
       Scroll            |       |     1 ||     1
 Stab: Sleeping          |    14 |    23 ||    37
       Distracted        |       |     1 ||     1
  Eat: Ration            |     1 |     1 ||     2
       Chunk             |     1 |     7 ||     8
Armor: Robe              |     6 |    15 ||    21
Dodge: Dodged            |    34 |    77 ||   111
Block: Buckler           |       |     6 ||     6

Table legend:
 A = Non-vault XP
 B = Vault XP
 C = Vault XP percentage of total XP
 D = Non-vault monster count
 E = Vault monster count
 F = Vault count percentage of total count
                 A         B        C        D         E       F
            +---------+---------+-------+---------+---------+-------
      Total |     315 |      32 |   9.2 |      65 |       1 |   1.5
            +---------+---------+-------+---------+---------+-------
        D:1 |      31 |       0 |   0.0 |      16 |       0 |   0.0
        D:2 |      71 |      32 |  31.1 |      21 |       1 |   4.5
        D:3 |      89 |       0 |   0.0 |      24 |       0 |   0.0
        D:4 |     124 |       0 |   0.0 |       4 |       0 |   0.0
            +---------+---------+-------+---------+---------+-------
